 Dungeon Crawl Stone Soup version 0.29.0-4-gdea44cf6ec (webtiles) character file.

Game seed: 4001606414964219668

423 qw the Chopper (level 6, -1/37 HPs)
             Began as a Tengu Warper on Aug 28, 2022.
             Slain by Blork the orc
             ... wielding a +0 flail
              (5 damage)
             ... on level 4 of the Dungeon.
             The game lasted 00:00:23 (4379 turns).

qw the Chopper (Tengu Warper)                       Turns: 4379, Time: 00:00:24

Health: -1/37      AC:  9    Str: 13    XL:     6   Next: 95%
Magic:  10/10      EV:  7    Int: 14    God:
Gold:   216        SH:  0    Dex: 13    Spells: 9/9 levels left

rFire   . . .      SeeInvis .   s - +0 war axe (venom)
rCold   . . .      Faith    .   (no shield)
rNeg    . . .      Spirit   .   i - +0 chain mail
rPois   +          Reflect  .   (helmet restricted)
rElec   .          Harm     .   l - +0 cloak
rCorr   .          Rampage  .   (no gloves)
Will    .....                   (boots unavailable)
Stlth   ..........              (no amulet)
HPRegen 0.12/turn               g - ring of poison resistance
MPRegen 0.12/turn               (no ring)

@: about to teleport, flying quickly and evasively, quick
A: beak, talons 3, nimble flight
a: no special abilities


You were on level 4 of the Dungeon.
You visited 1 branch of the dungeon, and saw 4 of its levels.

You collected 216 gold pieces.


Innate Abilities, Weirdness & Mutations

You have a beak for a mouth.
You have claws for feet.
Your magical nature lets you fly swiftly and evasively.


   Skills:
 - Level 3.1 Fighting
 + Level 7.2 Axes
 - Level 1.0 Throwing
 - Level 2.0 Armour
 - Level 2.1 Dodging
 - Level 2.0 Spellcasting
 - Level 2.4 Translocations


You had 9 spell levels left.
You didn't know any spells.
Your spell library contained the following spells:

 Spells                   Type           Power      Damage    Failure   Level
 Blink                    Tloc           16%        N/A       99%         2
 Gell's Gravitas          Tloc           8%         N/A       100%        3
 Lesser Beckoning         Tloc           8%         N/A       100%        3
 Teleport Other           Tloc           8%         N/A       100%        3
 Manifold Assault         Tloc           8%         N/A       100%        5

Inventory:

Hand Weapons
 q - a +0 flail
 s - a +0 war axe of venom (weapon)
Missiles
 r - 3 boomerangs (quivered)
Armour
 i - a +0 chain mail (worn)
 l - a +0 cloak (worn)
 p - the -1 hat of Defence {-Tele rElec Regen+}
   (You acquired it on level 2 of the Dungeon)

   rElec:     It insulates you from electricity.
   -Tele:     It prevents most forms of teleportation.
   Regen:     It increases your rate of health regeneration.
Jewellery
 g - a ring of poison resistance (left hand)
Scrolls
 a - a scroll of identify
 f - a scroll of poison {unknown}
 j - a scroll of butterflies {unknown}
Potions
 b - 4 potions of curing
 c - a potion of heal wounds
 d - a potion of haste
 e - a potion of mutation {unknown}
 k - a potion of resistance {unknown}
 n - a potion of degeneration {unknown}
 o - a potion of attraction {unknown}

Dungeon Overview and Level Annotations

Branches:
Dungeon (4/15)
 Temple: D:4-7

Altars:
Makhleb
Vehumet

Annotations:
D:4 Blork the orc


Message History

You kill the hobgoblin!
You now have 208 gold pieces (gained 11).
You see here a +0 leather armour.
b - 3 potions of curing (gained 1)
b - 4 potions of curing (gained 1)
You now have 216 gold pieces (gained 8).
You see here a +1 spectral hand axe.
Blork the orc comes into view.
He is wielding a +0 flail.
Blork the orc shouts!
Enter note: Blork the orc gestures at you while chanting.
The puff of frost hits you! Blork the orc hits you with a +0 flail.
You hit Blork the orc but do no damage. Your kick misses Blork the orc.
Blork the orc casts a spell.
Blork the orc seems to speed up.
Blork the orc hits you with a +0 flail.
You barely miss Blork the orc. Blork the orc hits you with a +0 flail.
You hit Blork the orc.
Blork the orc is poisoned.
You claw Blork the orc, but do no damage.
Blork the orc is lightly wounded.
Blork the orc hits you but does no damage. x2
You hit Blork the orc.
Blork the orc looks as sick as possible!
Blork the orc is lightly wounded.
Blork the orc completely misses you. Blork the orc hits you with a +0 flail.
You hit Blork the orc.
You peck Blork the orc, but do no damage.
Blork the orc is lightly wounded.
Blork the orc hits you with a +0 flail.
You closely miss Blork the orc. You claw Blork the orc.
Blork the orc is moderately wounded.
Blork the orc hits you but does no damage.
Blork the orc screams, "I'll drink your blood!
Soon!"
Blork the orc hits you with a +0 flail!
4379 ||| READING scroll of teleportation.
As you read the scroll of teleportation, it crumbles to dust.
You feel strangely unstable. Blork the orc hits you with a +0 flail.
You die...

#.....##...............
#.....##...............
#.....#................
#......................
#......................
#......##.....###......
#......###...##.##.....
#......#####.#...#.....
#.....@.# #..###......
#.....o.####.#...#.....
#..####.......##.##.....
#.# ..#.#..##..#.#......
.. #..#..##...#.......
#......#..###......
.#.....#...#%......
#....%....#.#......
#......#.##.##.....


You could see Blork the orc (fast, very poisoned).

Vanquished Creatures
  Duvessa (D:4)
  A necrophage (D:4)
  Dowan (D:4)
  Jessica (D:3)
  An iguana (D:4)
  6 gnolls
  An adder (D:4)
  A worm (D:2)
  3 dart slugs
  An orc (D:3)
  8 ball pythons
  8 endoplasms
  4 giant cockroaches
  7 goblins
  9 hobgoblins
  6 jackals (D:1)
  6 quokkas
  4 bats (D:1)
  2 frilled lizards
  6 kobolds
  5 rats (D:1)
82 creatures vanquished.

Vanquished Creatures (others)
  2 plants (D:3)
2 creatures vanquished.

Grand Total: 84 creatures vanquished

Notes
Turn   | Place    | Note
-------+----------+-------------------------------------------
     0 | D:1      | qw the Tengu Warper began the quest for the Orb.
     0 | D:1      | Reached XP level 1. HP: 12/12 MP: 4/4
     0 | D:1      | 0 ||| qw: Version: 0.1-a-89-g26bdef1
     0 | D:1      | 0 ||| qw: Game counter: 1524
     0 | D:1      | 0 ||| qw: Always use a shield: true
     0 | D:1      | 0 ||| qw: God list: Okawaru
     0 | D:1      | 0 ||| qw: Allow faded altars: false
     0 | D:1      | 0 ||| qw: Do Orc after D:15 true
     0 | D:1      | 0 ||| qw: Do second Lair branch before Depths: true
     0 | D:1      | 0 ||| qw: Lair rune preference: random
     0 | D:1      | 0 ||| qw: Plans: Normal
     0 | D:1      | 0 ||| PLANNING D:1-11
    54 | D:1      | Found a faded altar of an unknown god.
    67 | D:1      | Reached skill level 3 in Axes
    67 | D:1      | Reached XP level 2. HP: 8/17 MP: 6/6
   564 | D:1      | Reached XP level 3. HP: 15/21 MP: 7/7
   960 | D:1      | Reached skill level 4 in Axes
   969 | D:1      | 969 ||| DROPPING +0 club.
  1323 | D:1      | 1323 ||| UPGRADING to +0 chain mail.
  1333 | D:1      | 1333 ||| DROPPING +0 leather armour.
  1334 | D:1      | 1334 ||| UPGRADING to +0 cloak.
  1339 | D:1      | 1339 ||| READING scroll labelled PAOTAG UHUPU.
  1440 | D:1      | 1440 ||| READING scroll labelled UHIQIO PITHRE.
  1441 | D:1      | 1441 ||| READING scroll labelled NYOQUE SI AMO.
  1442 | D:1      | 1442 ||| DRINKING 2 fuming black potions.
  1443 | D:1      | 1443 ||| DROPPING scroll of blinking.
  1472 | D:2      | 1472 ||| STAIRDANCE
  1484 | D:2      | 1484 ||| STAIRDANCE
  1718 | D:2      | Found a burning altar of Makhleb.
  1795 | D:2      | 1795 ||| Stepping ~*~*~tactically~*~*~ (stealth).
  1803 | D:2      | You fall into a shaft and drop 1 floor!
  1810 | D:3      | Noticed Jessica
  1815 | D:3      | Killed Jessica
  1816 | D:3      | Reached XP level 4. HP: 26/26 MP: 8/8
  1823 | D:3      | Reached skill level 5 in Axes
  1975 | D:3      | 1975 ||| UPGRADING to ring of poison resistance.
  1976 | D:3      | 1976 ||| READING scroll labelled YNOLAQANO.
  1977 | D:3      | 1977 ||| READING scroll labelled RIQOEM IGEIF.
  1978 | D:3      | 1978 ||| DRINKING 2 red potions.
  2349 | D:2      | 2349 ||| READING scroll labelled KEAL HOEXI.
  2349 | D:2      | Identified a scroll of acquirement
  2349 | D:2      | 2349 ||| ACQUIRING -1 hat of Defence {-Tele rElec Regen+}
  2349 | D:2      | Acquired the -1 hat of Defence {-Tele rElec Regen+}
  2351 | D:2      | 2351 ||| READING scroll labelled QOFFUS LUYXZEUM.
  2352 | D:2      | 2352 ||| READING scroll labelled NOUVIH QUVVYECW.
  2355 | D:2      | 2355 ||| DRINKING 2 puce potions.
  2400 | D:3      | 2400 ||| FLEEEEING.
  2401 | D:3      | 2401 ||| FLEEEEING.
  2403 | D:3      | 2403 ||| FLEEEEING.
  2404 | D:3      | 2404 ||| FLEEEEING.
  2405 | D:3      | 2405 ||| FLEEEEING.
  2406 | D:3      | 2406 ||| FLEEEEING.
  2407 | D:3      | 2407 ||| FLEEEEING.
  2408 | D:3      | 2408 ||| FLEEEEING.
  2411 | D:3      | 2411 ||| STAIRDANCE
  2580 | D:3      | 2580 ||| STAIRDANCE
  2834 | D:3      | Found a radiant altar of Vehumet.
  2885 | D:3      | 2885 ||| DROPPING +0 mace.
  3143 | D:3      | Identified the +0 leather armour of Broken Taboos {rN++
                  | Dex+4 SInv}
  3179 | D:3      | Gained mutation: Your magical nature lets you fly swiftly
                  | and evasively. [Tengu growth]
  3179 | D:3      | Reached XP level 5. HP: 28/30 MP: 9/9
  3385 | D:3      | 3385 ||| READING scroll labelled BISYZO YNEI.
  3386 | D:3      | 3386 ||| READING scroll labelled QAJECV SOLESH.
  3526 | D:3      | 3526 ||| DRINKING 2 murky emerald potions.
  3527 | D:3      | 3527 ||| DROPPING potion of brilliance.
  3556 | D:4      | Reached skill level 6 in Axes
  3741 | D:4      | Noticed Dowan
  3741 | D:4      | Noticed Duvessa
  3751 | D:4      | Killed Dowan
  3751 | D:4      | Killed Duvessa
  3752 | D:4      | Reached skill level 7 in Axes
  3752 | D:4      | Reached XP level 6. HP: 11/35 MP: 10/10
  4001 | D:4      | 4001 ||| SWAPPING to +0 war axe.
  4002 | D:4      | 4002 ||| DROPPING +1 spectral hand axe.
  4003 | D:4      | 4003 ||| READING scroll of brand weapon.
  4003 | D:4      | 4003 ||| BRANDING +0 war axe.
  4025 | D:4      | 4025 ||| READING scroll of brand weapon.
  4025 | D:4      | 4025 ||| BRANDING +0 vorpal war axe.
  4045 | D:4      | Reached skill level 3 in Fighting
  4368 | D:4      | Noticed Blork the orc
  4378 | D:4      | HP: 4/37 [Blork the orc/+0 flail (7)]
  4379 | D:4      | 4379 ||| READING scroll of teleportation.
  4379 | D:4      | Slain by Blork the orc

Levels and vault maps discovered:
D:1:      minmay_arrival_floating_metal, layout_loops_ring,
          hellmonk_ecumenical_altar_dog_temple
D:2:      layout_basic, basic_altar
D:3:      cheibrodos_old_hovel, layout_loops_ring, nicolae_vehumet_altar_sigil,
          st_stairs_13, eino_curves_03, uniq_jessica
D:4:      layout_rooms, grunt_decor_one_mirror, minmay_ruptured, uniq_duvessa,
          uniq_blork_the_orc

Skill      XL: |  1  2  3  4  5  6 |
---------------+-------------------+-----
Axes           | 3 4 5 7 |  7.2
Armour         | 2 |  2.0
Fighting       | 3 |  3.1
Throwing       | |  1.0
Dodging        | |  2.1
Spellcasting   | |  2.0
Translocations | |  2.4

Action                   |  1- 3 |  4- 6 || total
-------------------------+-------+-------++-------
Melee: Hand axe          |    84 |    62 ||   146
       Peck              |     7 |    13 ||    20
       Kick              |    14 |    19 ||    33
       War axe           |       |    15 ||    15
Throw: Boomerang         |     7 |    11 ||    18
  Use: Scroll            |     3 |    10 ||    13
       Potion            |     1 |     3 ||     4
 Stab: Distracted        |       |     2 ||     2
Armor: Leather armour    |    23 |       ||    23
       Chain mail        |     9 |    22 ||    31
Dodge: Dodged            |    39 |    21 ||    60

Table legend:
 A = Non-vault XP
 B = Vault XP
 C = Vault XP percentage of total XP
 D = Non-vault monster count
 E = Vault monster count
 F = Vault count percentage of total count
                 A         B        C        D         E       F
            +---------+---------+-------+---------+---------+-------
      Total |     260 |     345 |  57.0 |      74 |       8 |   9.8
            +---------+---------+-------+---------+---------+-------
        D:1 |      49 |       4 |   7.5 |      26 |       2 |   7.1
        D:2 |      37 |       0 |   0.0 |      19 |       0 |   0.0
        D:3 |      75 |      40 |  34.8 |      20 |       3 |  13.0
        D:4 |      99 |     301 |  75.2 |       9 |       3 |  25.0
            +---------+---------+-------+---------+---------+-------
